 Dungeon Crawl Stone Soup version 0.20-a0-910-gb611367 (webtiles) character file.

18 blobert the Shield-Bearer (level 2, -1/19 HPs)
             Began as a Gargoyle Fighter on Mar 25, 2017.
             Killed by nerve-wracking pain
             ... invoked by a shadow imp
             ... summoned by Natasha
              (2 damage)
             ... on level 2 of the Dungeon.
             The game lasted 00:01:29 (750 turns).

blobert the Shield-Bearer (Gargoyle Fighter)         Turns: 750, Time: 00:01:31

Health: -1/19      AC: 11    Str: 19    XL:     2   Next: 66%
Magic:  2/2        EV:  5    Int:  8    God:
Gold:   55         SH:  9    Dex:  9    Spells: 1/1 levels left

rFire    . . .     SeeInvis .   a - +0 flail
rCold    . . .     Gourm    .   e - +0 chain mail
rNeg     + . .     Faith    .   c - +0 shield
rPois    ∞         Spirit   .   (no helmet)
rElec    +         Reflect  .   (no cloak)
rCorr    .         Harm     .   (no gloves)
MR       .....                  (no boots)
Stlth    ..........             (no amulet)
Regen    0.1/turn               (no ring)
MPRegen  0.1/turn               (no ring)

@: slowed, very slow
A: negative energy resistance 1, electricity resistance, unbreathing,
petrification resistance, rot immunity, AC +2
a: no special abilities


You were on level 2 of the Dungeon.
You were not hungry.

You visited 1 branch of the dungeon, and saw 2 of its levels.

You collected 55 gold pieces.

Inventory:

Hand Weapons
 a - a +0 flail (weapon)
Armour
 b - a +0 scale mail
 c - a +0 shield (worn)
 e - a +0 chain mail (worn)
Scrolls
 g - a scroll of fear {unknown}
 h - a scroll of immolation {unknown}
 j - 2 scrolls of remove curse {unknown}
Potions
 d - 3 potions of might
 k - a potion of brilliance {unknown}
 l - a potion of agility {unknown}
 m - a potion of cancellation {unknown}
Comestibles
 f - a bread ration


   Skills:
 - Level 3.2 Fighting
 + Level 3.1 Maces & Flails
 - Level 3.2 Armour
 - Level 3.2 Shields


You had one spell level left.
You didn't know any spells.

Dungeon Overview and Level Annotations

Branches:
Dungeon (2/15)

Altars:

Annotations:
D:2 Natasha


Innate Abilities, Weirdness & Mutations

You are resistant to torment.
Your stone body is resilient. (AC +2)
You are immune to poison.
You resist negative energy. (rN+)
You are resistant to electric shocks. (rElec)
You can survive without breathing.
You are immune to petrification.
You are immune to rotting.


Message History

You hit Natasha.
Natasha is moderately wounded.
Natasha closely misses you. The adder bites you but does no damage.
Natasha extends her claws.
Natasha barely misses you. You block the adder's attack.
Natasha mewls in sadness.
You block Natasha's attack.
You closely miss Natasha.
Natasha is moderately wounded.
You block the adder's attack. The adder bites you. Natasha claws you.
* * * LOW HITPOINT WARNING * * *
You block the adder's attack.
Natasha mumbles some strange words.
You closely miss Natasha.
Natasha is moderately wounded.
You block the adder's attack. The adder bites you.
* * * LOW HITPOINT WARNING * * *
Natasha mumbles some strange words.
The shadow imp gestures at you. Pain shoots through your body!
You die...

####+###
#......#
#(.....#
#......#
#5.....#
#......#
.###.h@)..+
........S..####
....5......'.<#
...........#..#
...........#..#
...........#..#
...........#..#
..........##..#
.........##..#


You could see Natasha, a crimson imp, an adder and a shadow imp.

Vanquished Creatures
  2 bats (D:1)
  2 giant cockroaches (D:1)
  4 hobgoblins (D:1)
  3 kobolds
  2 frilled lizards (D:1)
  2 goblins (D:1)
  A rat (D:1)
16 creatures vanquished.

Notes
Turn   | Place    | Note
-------+----------+-------------------------------------------
     0 | D:1      | blobert the Gargoyle Fighter began the quest for the Orb.
     0 | D:1      | Reached XP level 1. HP: 14/14 MP: 1/1
   330 | D:1      | Reached XP level 2. HP: 19/19 MP: 2/2
   738 | D:2      | Noticed Natasha
   750 | D:2      | Killed from afar by a shadow imp

Vault maps used:
D:1:      scummos_arrival_hexagon
D:2:      cheibrodos_greedy_goblins, serial_corexii_hall,
          corexii_hall_statues_i, corexii_hall_statues_u, uniq_natasha

Skill      XL: |  1  2 |
---------------+-------+-----
Maces & Flails | 3 |  3.1
Fighting       | |  3.2
Armour         | |  3.2
Shields        | |  3.2

Action                   || total
-------------------------++-------
Melee: Flail             ||    73
Armor: Chain mail        ||    66
Dodge: Dodged            ||    27
Block: Shield            ||    60
